 Dungeon Crawl Stone Soup version 0.27-a0-1325-g58a489ad9e (webtiles) character file.

Game seed: 14917442437869002048

65 puppykicker the Ducker (level 4, -2/35 HPs)
             Began as a Djinni Hedge Wizard on June 25, 2021.
             Was an Initiate of Dithmenos.
             Slain by an adder (3 damage)
             ... on level 4 of the Dungeon.
             The game lasted 00:04:50 (2293 turns).

puppykicker the Ducker (Djinni Hedge Wizard)        Turns: 2293, Time: 00:04:51

Health: -2/35      AC:  3    Str: 10    XL:     4   Next: 34%
Gold:   57         EV: 16    Int: 16    God:    Dithmenos [......] SH:  0 Dex: 12

rFire    + + .     SeeInvis .   a - +2 dagger (venom)
rCold    x . .     Faith    .   (no shield)
rNeg     . . .     Spirit   .   b - +0 robe
rPois    ∞         Reflect  .   c - +0 hat
rElec    .         Harm     .   (no cloak)
rCorr    .         Rampage  .   (no gloves)
Will     +....                  (boots unavailable)
Stlth    ++........             (no amulet)
HPRegen  0.11/turn              g - +4 ring of evasion
MPRegen  0.00/turn              P - ring of poison resistance

@: flying, very slightly contaminated
A: sickness immunity, fire resistance 2, cold vulnerability 1, float, innate
caster, hp casting, extra vitality 1, strong-willed 1, robust 1, shaggy fur 1
a: Renounce Religion


You were on level 4 of the Dungeon.
You worshipped Dithmenos.
Dithmenos was noncommittal.
You visited 2 branches of the dungeon, and saw 5 of its levels.

You collected 57 gold pieces.

Inventory:

Hand Weapons
 a - a +2 dagger of venom (weapon)
Missiles
 f - 8 javelins (quivered)
Armour
 b - a +0 robe (worn)
 c - a +0 hat (worn)
Jewellery
 g - a +4 ring of evasion (left hand)
 P - a ring of poison resistance (right hand)
Wands
 h - a wand of iceblast (6)
Scrolls
 d - 2 scrolls of identify {unknown}
 l - a scroll of magic mapping {unknown}
 n - a scroll of teleportation {unknown}
Potions
 e - a potion of resistance {unknown}
 i - a potion of degeneration {unknown}
 j - a potion of mutation {!q}
 k - a potion of invisibility {unknown}
 m - a potion of lignification {unknown}


   Skills:
 + Level 1.5 Fighting
 + Level 1.4 Armour
 + Level 3.0 Dodging
 - Level 1.5 Stealth
 + Level 2.7 Spellcasting
 + Level 0.2 Invocations
 + Level 0.3 Evocations


You couldn't memorise any spells.
You knew the following spells:

 Your Spells              Type           Power      Damage    Failure   Level
a - Magic Dart            Conj           44%        1d5       6%          1
b - Call Imp              Summ           11%        N/A       10%         2
c - Conjure Flame         Conj/Fire      11%        6-21      19%         3
g - Apportation           Tloc           22%        N/A       6%          1
p - Blink                 Tloc           N/A        N/A       10%         2
s - Slow                  Hex            11%        N/A       10%         2
x - Mephitic Cloud        Conj/Pois/Air  11%        N/A       19%         3
Your spell library was empty.

Dungeon Overview and Level Annotations

Branches:
Dungeon (4/15)             Temple (1/1) D:4

Altars:
Cheibriados
Dithmenos
Elyvilon
Kikubaaqudgha
Makhleb
Nemelex Xobeh
Qazlal
Ru
Sif Muna
Trog
Uskayaw
Vehumet
Wu Jian
Xom
Yredelemnul
Zin


Innate Abilities, Weirdness & Mutations

You are immune to sickness and miasma.
You are immune to poison.
Your flesh is very heat resistant. (rF++)
You are vulnerable to cold. (rC-)
You float through the air rather than walking.
You learn spells naturally, not from books.
Your magical power is your life essence.
You have superior vitality. (+4 HP)
You are strong-willed. (Will+)
You are robust. (+10% HP)
You are covered in fur. (AC +1)


Message History

An orc comes into view. It is wielding a +0 whip.
The adder completely misses you. The adder closely misses you.
The adder bites you but does no damage. The adder barely misses you.
The adder bites you.
* * * LOW HITPOINT WARNING * * *
You take 5 damage, and have 14/32 hp.
Unknown command.
Casting: Call Imp (safe; 10% risk of failure)
A beastly little devil appears in a puff of flame.
* * * LOW HITPOINT WARNING * * *
The adder bites you.
* * * LOW HITPOINT WARNING * * *
You take 5 damage, and have 9/32 hp.
Unknown command.
The adder bites you.
* * * LOW HITPOINT WARNING * * *
You take 2 damage, and have 7/32 hp.
Casting: Call Imp (safe; 10% risk of failure)
You miscast Call Imp.
You are very lightly contaminated with residual magic.
Nothing appears to happen.
* * * LOW HITPOINT WARNING * * *
The adder closely misses your crimson imp.
The adder bites you but does no damage.
You take 2 damage, and have 5/32 hp.
Casting: Call Imp (safe; 10% risk of failure)
You miscast Call Imp.
Nothing appears to happen.
* * * LOW HITPOINT WARNING * * *
The adder bites your crimson imp.
Your crimson imp is poisoned.
The adder poisons your crimson imp! The adder bites you.
* * * LOW HITPOINT WARNING * * *
You take 4 damage, and have 1/32 hp.
It was a potion of mutation.
You feel extremely strange. Fur sprouts all over your body.
You feel strong-willed.
You feel robust. The adder bites your crimson imp. The adder bites you.
You die...

... ####..Z.....#... .
... ##.#####..# .#.. #o#
#... #..#.######.# ####
#.##........#
###.#######..S# #...####
#..## #......####o.[#
##########...##.@So#.#.#
#......†.......###5..#.#
####..########..##.S##.#
##.#### ####.....##..
#†...###.........[....
##..[..##.....#.......#
#.......#.....#.##.#...
.# #.......###.###.#
....# .# #.......# #.#
... .##.#


You could see 2 adders, an orc and a friendly crimson imp (summoned, poisoned).

Levels and vault maps discovered:
D:1:      saegor_arrival_simple_a, layout_rooms, serial_park_tiny_2,
          chequers_garden, minivault_19
D:2:      layout_basic, minmay_diced_spiral
D:3:      layout_loops_ring, st_stairs_5
D:4:      layout_rooms, lemuel_crystal_altar,
          minmay_temple_entry_drinking_statues
Temple:   regret_index_temple_sphere_string

Notes
Turn   | Place    | Note
-------+----------+-------------------------------------------
     0 | D:1      | puppykicker the Djinni Hedge Wizard began the quest for the
                  | Orb.
     0 | D:1      | Reached XP level 1. HP: 15/15 MP: 0/0
     8 | D:1      | Identified a +0 dagger
   124 | D:1      | You are sucked into a shaft and drop 1 floor!
   125 | D:2      | Identified a +0 club
   567 | D:2      | Reached XP level 2. HP: 14/22 MP: 0/0
   714 | D:2      | HP: 5/22 [worm (8)]
  1050 | D:2      | Identified a +4 ring of evasion
  1088 | D:2      | Identified a +0 club
  1092 | D:2      | Reached skill level 1 in Fighting
  1092 | D:2      | Reached skill level 1 in Armour
  1092 | D:2      | Reached XP level 3. HP: 27/27 MP: 0/0
  1092 | D:2      | Learned a level 1 spell: Apportation
  1099 | D:2      | Identified a +2 dagger of venom
  1202 | D:2      | Identified a +0 club
  1392 | D:2      | Identified a +0 hand axe
  1864 | D:3      | Identified a ring of poison resistance
  1950 | D:3      | You are sucked into a shaft and drop 1 floor!
  1953 | D:4      | Reached XP level 4. HP: 32/32 MP: 0/0
  1965 | D:4      | Found a staircase to the Ecumenical Temple.
  1966 | D:4      | Identified a +0 dagger
  1976 | Temple   | Entered the Ecumenical Temple
  2176 | Temple   | Became a worshipper of Dithmenos the Shadowed
  2264 | D:4      | Identified a +0 club
  2269 | D:4      | Reached skill level 3 in Dodging
  2273 | D:4      | Identified a +0 mace
  2273 | D:4      | Identified a +0 leather armour
  2274 | D:4      | Identified a +2 mace of holy wrath
  2275 | D:4      | Identified a +0 flail
  2275 | D:4      | Identified a +0 leather armour
  2277 | D:4      | Identified a +0 whip
  2290 | D:4      | HP: 7/32 [adder (2)]
  2292 | D:4      | HP: 1/32 [adder (3)]
  2293 | D:4      | Identified 2 potions of mutation
  2293 | D:4      | Gained mutation: You are covered in fur. (AC +1) [potion of
                  | mutation]
  2293 | D:4      | Gained mutation: You are strong-willed. (Will+) [potion of
                  | mutation]
  2293 | D:4      | Gained mutation: You are robust. (+10% HP) [potion of
                  | mutation]
  2293 | D:4      | Slain by an adder

Table legend: (Time is in decaauts)
 A = Elapsed time spent in this place.
 B = Non-inter-level travel time spent in this place.
 C = Inter-level travel time spent in this place.
 D = Time resting spent in this place.
 E = Time spent auto-exploring this place.
 F = Levels seen in this place.
 G = Mean time per level.
                   A        B        C        D        E       F      G
               +--------+--------+--------+--------+--------+-----+--------+
         Total |   2292 |   2182 |    110 |    901 |   1021 |   5 |  458.4 |
       Dungeon |   2066 |   2014 |     52 |    901 |    857 |   4 |  516.5 |
        Temple |    225 |    167 |     58 |      0 |    164 |   1 |  225.0 |
               +--------+--------+--------+--------+--------+-----+--------+

Top non-repeatable levels by time:
     D:2: 1727 daAuts
  Temple: 225 daAuts
     D:1: 124 daAuts
     D:4: 117 daAuts
     D:3: 97 daAuts

Table legend:
 A = Kills in this place as a percentage of kills in entire the game.
 B = Kills by you in this place as a percentage of kills by you in the entire game.
 C = Kills by friends in this place as a percentage of kills by friends in the entire game.
 D = Other kills in this place as a percentage of other kills in the entire game.
 E = Experience gained in this place as a percentage of experience gained in the entire game.
 F = Experience gained in this place divided by the number of levels of this place that you have seen.
                   A       B       C       D       E      F
               +-------+-------+-------+-------+-------+----------------------
         Total | 100.0 | 100.0 | 100.0 |   N/A | 100.0 |  18.6
       Dungeon | 100.0 | 100.0 | 100.0 |   N/A | 100.0 |  23.2
               +-------+-------+-------+-------+-------+----------------------

Skill      XL: |  1  2  3  4 |
---------------+-------------+-----
Fighting       | 1 |  1.5
Armour         | 1 |  1.4
Dodging        | 3 |  3.0
Stealth        | |  1.5
Spellcasting   | |  2.7
Invocations    | |  0.2
Evocations     | |  0.3

Action                   |  1- 3 |  4- 6 || total
-------------------------+-------+-------++-------
Melee: Dagger            |    52 |    15 ||    67
Throw: Javelin           |     2 |       ||     2
 Cast: Magic Dart        |    31 |       ||    31
       Call Imp          |     2 |     2 ||     4
  Use: Potion            |       |     1 ||     1
 Stab: Sleeping          |     2 |     1 ||     3
Armor: Robe              |     7 |     2 ||     9
Dodge: Dodged            |    50 |    18 ||    68

Vanquished Creatures
  2 adders
  3 worms
  3 endoplasms (D:2)
  2 giant cockroaches
  A hobgoblin (D:4)
  2 kobolds
  A quokka (D:4)
  6 ball pythons
  4 bats (D:2)
  4 frilled lizards
  4 goblins
  2 rats (D:2)
34 creatures vanquished.

Vanquished Creatures (collateral kills)
  An adder (D:2)
  A hobgoblin (D:2)
  A kobold (D:4)
3 creatures vanquished.

Grand Total: 37 creatures vanquished
